 Dungeon Crawl Stone Soup version 0.23.2-1-ga50397a (webtiles) character file.

Game seed: 11780960910187071932

80445 Borgoz the Fencer (level 15, -1/141 HPs)
             Began as a Minotaur Berserker on May 26, 2019.
             Was the Champion of Trog.
             Killed by divine providence
             ... invoked by Saint Roka
              (12 damage)
             ... on level 2 of the Orcish Mines.
             The game lasted 00:49:25 (19107 turns).

Borgoz the Fencer (Minotaur Berserker)             Turns: 19107, Time: 00:49:26

Health: -1/141     AC: 12    Str: 23    XL:     15   Next: 23%
Magic:  14/14      EV: 20    Int:  7    God:    Trog [******]
Gold:   1477       SH:  0    Dex: 14    Spells: 14/14 levels left

rFire    + . .     SeeInvis +   a - +8 great sword of the Heavens {flame, Int+2}
rCold    + + +     Gourm    .   (shield currently unavailable)
rNeg     + . .     Faith    +   G - +1 ring mail of the Planets {MR+}
rPois    +         Spirit   .   (helmet restricted)
rElec    .         Reflect  .   F - +0 cloak
rCorr    .         Harm     .   (no gloves)
MR       +++++     NoTele   +   I - +0 pair of boots
Stlth    +.........             H - amulet "Hialilomn" {Faith +Blink rPois rC+++ SInv}
HPRegen  1.33/turn              O - ring "Wouraih" {rC- rN+ Slay+4}
MPRegen  0.14/turn              N - ring "Fucecsoi" {-Tele rF+ rC+ MR+}

@: regenerating
A: retaliatory headbutt, horns 2
a: Berserk, Trog's Hand, Brothers in Arms, Renounce Religion, Evoke Blink


You were on level 2 of the Orcish Mines.
You worshipped Trog.
Trog was exalted by your worship.
You were not hungry.

You visited 4 branches of the dungeon, and saw 24 of its levels.
You also visited: Sewer.

You collected 1584 gold pieces.
You spent 107 gold pieces at shops.

Inventory:

Hand Weapons
 a - the +8 great sword of the Heavens (weapon) {flame, Int+2}
   (Trog gifted it to you on level 14 of the Dungeon)

   It has been specially enchanted to burn those struck by it, causing extra
   injury to most foes and up to half again as much damage against particularly
   susceptible opponents.
   Big, fiery blades are also staple armaments of hydra-hunters.
   It affects your intelligence (+2).
Missiles
 o - 6 throwing nets (quivered)
Armour
 F - a +0 cloak (worn)
 G - the +1 ring mail of the Planets (worn) {MR+}
   (You found it on level 9 of the Dungeon)

   It affects your resistance to hostile enchantments.
 I - a +0 pair of boots (worn)
Jewellery
 q - an uncursed ring of see invisible
 H - the amulet "Hialilomn" (around neck) {Faith +Blink rPois rC+++ SInv}
   (You found it on level 6 of the Lair of Beasts)

   [amulet of faith]

   It allows you to gain divine favour quickly.
   It renders you almost immune to cold.
   It protects you from poison.
   It lets you see invisible.
   It lets you blink.
 N - the ring "Fucecsoi" (right hand) {-Tele rF+ rC+ MR+}
   (You found it on level 11 of the Dungeon)

   [ring of protection from magic]

   It protects you from fire.
   It protects you from cold.
   It affects your resistance to hostile enchantments.
   It prevents most forms of teleportation.
 O - the ring "Wouraih" (left hand) {rC- rN+ Slay+4}
   (You took it off a wight on level 11 of the Dungeon)

   [ring of positive energy]

   It affects your accuracy and damage with ranged weapons and melee attacks
   (+4).
   It makes you vulnerable to cold.
   It protects you from negative energy.
 P - the ring of Voerouw {Fire Str+4}
   (You found it on level 11 of the Dungeon)

   [ring of fire]

   It enhances your fire magic.
   It affects your strength (+4).
   It protects you from fire.
   It makes you vulnerable to cold.
Wands
 b - a wand of clouds (11)
 r - a wand of acid (10)
 t - a wand of flame (13)
 y - a wand of iceblast (28)
 D - a wand of paralysis (8)
Scrolls
 e - 18 scrolls of remove curse
 f - 6 scrolls of fear
 g - a scroll of magic mapping
 h - 12 scrolls of teleportation
 i - 3 scrolls of immolation
 s - a scroll of silence
 v - 5 scrolls of blinking
 E - 2 scrolls of fog
Potions
 k - 7 potions of curing
 n - 5 potions of agility
 w - 2 potions of resistance
 x - 7 potions of haste
 A - 4 potions of might
 C - 2 potions of berserk rage
 J - a potion of heal wounds
 K - 3 potions of flight
Comestibles
 c - 48 rations


   Skills:
 + Level 15.0 Fighting
 + Level 18.8 Long Blades
 + Level 14.7 Armour
 + Level 13.6 Dodging


You had 14 spell levels left.
You didn't know any spells.
Your spell library was empty.

Dungeon Overview and Level Annotations

Branches:
Dungeon (15/15)            Temple (1/1) D:5            Lair (6/6) D:8
  Swamp (0/4) Lair:2        Snake (0/4) Lair:4        Slime (0/5) Lair:5
    Orc (2/2) D:9             Elf (0/3) Orc:2        Vaults (0/5) D:13
 Depths (0/5) D:15

Altars:
Ashenzari
Cheibriados
Dithmenos
Elyvilon
Fedhas
Gozag
Hepliaklqana
Kikubaaqudgha
Makhleb
Nemelex Xobeh
Okawaru
Qazlal
Ru
Sif Muna
Trog
Uskayaw
Vehumet
Wu Jian
Xom
Yredelemnul
Zin
The Shining One
Jiyva

Shops:
D:9 *   D:15 ((*

Annotations:
Orc:2 Saint Roka


Innate Abilities, Weirdness & Mutations

You reflexively headbutt those who attack you in melee.
You have a pair of horns on your head.


Message History

Okay, then.
You feel much better. The orc warrior completely misses you.
You furiously retaliate!
You headbutt the orc warrior.
The orc knight unwields a +0 glaive.
The orc knight wields a +0 arbalest.
The orc knight shoots a bolt.
The bolt barely misses you.
The orc warrior hits you with a +0 war axe!
* * * LOW HITPOINT WARNING * * *
The orc sorcerer mumbles some strange words.
The orc warrior completely misses you.
Saint Roka mumbles some strange prayers to Beogh against you.
Beogh smites you!
* * * LOW HITPOINT WARNING * * *
There are monsters nearby!
You feel much better. The orc barely misses you.
The orc warrior hits you with a cursed -1 glaive!
* * * LOW HITPOINT WARNING * * *
The orc warrior barely misses you. The orc warrior closely misses you.
Saint Roka mumbles some strange prayers to Beogh against you.
Beogh smites you!
You die...

**,,,**o....o.oo..#**,,,,,,,,,,,*
*,,,,.##.o...o...o**,,,*,,,,,*,,,
**,,,..oo..ooo$o.#*,,,**,,,,,**,,
**,,,.......o....*,,,**#8,,,8***,
*,,,,..........o##∩,**.#,,,,,*,**
*,,,,.........[($####..#,,,,,*,,*
*,,,,........)<.o......o,,,,,,,,,
*,,,,.......[$)ooo...#.#,,,,,,*,*
**,*,#.....[.[..@o......,,,,,,,,,
*,,>,$..........o.......,,,**,*,*
*,,,,................#..,**,,,,**
**,**#.$o......$....#.#,**,,,,,*
***,#............#.....,**,,,**
**,,,............#....#.,,***,**
*,,,,......<.....#..$.#*,,,*,,,*
*,,,*......$...........**,,,,,**
**,*,,,,,,,,,,,,,,,*,,,***,,,,*


You could see Saint Roka, an orc knight, an orc high priest (fleeing), an orc
sorcerer, 6 orc warriors, 3 orc priests and 2 orcs.

Vanquished Creatures
  Kirke (D:12)
  A fire giant (D:15)
  Josephine (Orc:1)
  Harold (Lair:1)
  10 hydras
  2 ogre magi (D:15)
  12 two-headed ogres
  3 death yaks (Lair:6)
  4 centaur warriors
  A death knight (D:11)
  Urug (Lair:5)
  A fire crab (Lair:6)
  4 unseen horrors
  A wizard (D:13)
  An orc knight (Orc:1)
  2 lindwurms (Lair:6)
  A wolf spider zombie (D:15)
  An ugly thing (D:11)
  2 deep elf magi
  An oklob plant (Lair:2)
  4 cyclopes
  An orc sorcerer (Orc:2)
  3 manticores (D:11)
  2 centaur zombies
  6 black mambas
  13 elephants
  A torpor snail (Lair:4)
  3 centaur skeletons
  11 spiny frogs
  A gargoyle (D:13)
  A kobold demonologist (D:12)
  5 rime drakes
  A yaktaur (D:11)
  4 komodo dragons
  An efreet (D:15)
  2 freezing wraiths
  2 tengu conjurers
  A queen bee (Lair:3)
  8 trolls
  A bog body (Lair:2)
  6 blink frogs (Lair:6)
  9 dream sheep (Lair:6)
  A harpy skeleton (D:14)
  A hornet (D:11)
  16 hippogriffs
  A shadow (D:12)
  4 wraiths
  4 hogs (D:12)
  33 yaks
  A vampire (D:14)
  2 wyverns
  5 basilisks
  5 hungry ghosts
  A naga (Lair:4)
  2 wargs
  8 water moccasins
  8 porcupines
  8 orc warriors
  6 ice beasts
  A phantom (D:9)
  2 necrophages
  2 black bears
  9 wolves
  13 centaurs
  15 ogres
  11 crocodiles
  2 big kobolds
  13 bullfrogs
  A wyvern zombie (D:7)
  2 gnoll sergeants
  A water moccasin zombie (D:8)
  A water moccasin skeleton (D:4)
  A wyvern skeleton (D:9)
  4 scorpions
  A troll zombie (D:9)
  57 killer bees
  2 wights (D:11)
  8 howler monkeys
  5 crimson imps
  10 hounds
  A bullfrog skeleton (D:11)
  4 jellies
  8 orc wizards
  2 quasits
  9 orc priests
  5 iguanas
  11 worker ants
  7 ogre zombies (D:9)
  A worker ant zombie (D:9)
  A howler monkey zombie (D:7)
  16 gnolls
  22 adders
  2 shadow imps (D:11)
  9 oozes
  2 adder zombies
  3 adder skeletons
  3 worms
  2 dart slugs (D:1)
  17 leopard geckos
  46 orcs
  6 ball pythons
  18 giant cockroaches
  7 goblins
  11 hobgoblins
  12 jackals
  6 quokkas
  8 bats
  16 frilled lizards
  3 goblin skeletons (D:9)
  4 goblin zombies (D:9)
  A hobgoblin skeleton (D:9)
  3 hobgoblin zombies (D:9)
  16 kobolds
  A leopard gecko skeleton (D:4)
  3 orc skeletons (D:9)
  11 orc zombies (D:9)
  A quokka skeleton (D:6)
  A quokka zombie (D:4)
  7 rats
  A butterfly (Lair:4)
  2 plants (Lair:2)
713 creatures vanquished.

Vanquished Creatures (others)
  An unseen horror (D:11)
  2 fungi (Lair:6)
3 creatures vanquished.

Grand Total: 716 creatures vanquished

Notes
Turn   | Place    | Note
-------+----------+-------------------------------------------
     0 | D:1      | Borgoz the Minotaur Berserker began the quest for the Orb.
     0 | D:1      | Reached XP level 1. HP: 19/19 MP: 0/0
    89 | D:1      | Reached XP level 2. HP: 19/27 MP: 1/1
   135 | D:1      | Reached skill level 4 in Long Blades
   211 | D:1      | You fall through a shaft!
   337 | D:2      | Reached XP level 3. HP: 31/33 MP: 2/2
   459 | D:2      | Reached ** piety under Trog
   625 | D:2      | Noticed an ogre
   632 | D:2      | Killed an ogre
   632 | D:2      | Reached skill level 5 in Long Blades
   632 | D:2      | Reached XP level 4. HP: 27/41 MP: 3/3
  1490 | D:2      | Reached XP level 5. HP: 47/47 MP: 4/4
  1969 | D:3      | Found a glowing drain.
  1978 | Sewer    | Entered a sewer
  1987 | Sewer    | Reached *** piety under Trog
  2130 | Sewer    | Reached XP level 6. HP: 46/55 MP: 5/5
  2154 | Sewer    | Reached skill level 6 in Long Blades
  2377 | Sewer    | Reached **** piety under Trog
  2396 | Sewer    | Reached skill level 5 in Fighting
  2614 | D:3      | Reached XP level 7. HP: 37/61 MP: 6/6
  2992 | D:4      | Reached skill level 7 in Long Blades
  3153 | D:4      | Reached skill level 5 in Armour
  3201 | D:4      | Reached ***** piety under Trog
  3543 | D:4      | Reached skill level 8 in Long Blades
  3543 | D:4      | Reached XP level 8. HP: 60/70 MP: 7/7
  3563 | D:5      | Entered Level 5 of the Dungeon
  3707 | D:5      | Found a stormy altar of Qazlal.
  3742 | D:5      | Found a staircase to the Ecumenical Temple.
  3777 | Temple   | Entered the Ecumenical Temple
  4224 | D:5      | Found a burning altar of Makhleb.
  4488 | D:6      | Reached skill level 5 in Dodging
  4609 | D:6      | Found a blossoming altar of Fedhas.
  4609 | D:6      | Found a snail-covered altar of Cheibriados.
  4610 | D:6      | Found a shadowy altar of Dithmenos.
  4918 | D:6      | Found a glowing golden altar of the Shining One.
  5195 | D:7      | Reached skill level 9 in Long Blades
  5303 | D:7      | Noticed a +0 hand axe
  5304 | D:7      | Found a hide-covered altar of Uskayaw.
  5304 | D:7      | Noticed a +0 hand axe
  5647 | D:7      | Got a fine leather armour
  5658 | D:7      | Identified the +1 leather armour "Qewaeh" {-Cast rElec rF++
                  | rN+++ Int-5} (You found it on level 7 of the Dungeon)
  5658 | D:7      | Lost intelligence.
  5866 | D:7      | Reached XP level 9. HP: 77/79 MP: 8/8
  6069 | D:8      | Reached skill level 10 in Long Blades
  6174 | D:8      | Received a gift from Trog
  6465 | D:8      | Found a staircase to the Lair.
  6797 | D:8      | Identified Xumexkom's Papyrus of Self-Knowledge and Heat
  7021 | D:9      | Found a staircase to the Orcish Mines.
  7023 | D:9      | Reached skill level 11 in Long Blades
  7141 | D:9      | Got a pearl-encrusted ring mail
  7152 | D:9      | Identified the +1 ring mail of the Planets {MR+} (You found
                  | it on level 9 of the Dungeon)
  7167 | D:9      | Found Mail's Assorted Antiques.
  7177 | D:9      | Bought a pink potion for 27 gold pieces
  7223 | D:9      | Reached XP level 10. HP: 90/90 MP: 9/9
  7351 | D:10     | Entered Level 10 of the Dungeon
  7354 | D:10     | You fall through a shaft for 3 floors!
  7427 | D:13     | Noticed a gargoyle
  7433 | D:13     | Killed a gargoyle
  7435 | D:13     | Noticed a centaur warrior
  7449 | D:13     | Killed a centaur warrior
  7449 | D:13     | Reached skill level 12 in Long Blades
  8020 | D:11     | Noticed a manticore
  8027 | D:11     | Killed a manticore
  8028 | D:11     | Received a gift from Trog
  8069 | D:11     | Noticed a green ugly thing
  8077 | D:11     | Killed a green ugly thing
  8549 | D:10     | Reached skill level 13 in Long Blades
  8549 | D:10     | Reached XP level 11. HP: 98/98 MP: 10/10
  8562 | D:10     | Reached skill level 10 in Fighting
  8616 | D:10     | Noticed an unseen horror
  8619 | D:10     | Reached ****** piety under Trog
  8637 | D:10     | Killed an unseen horror
  9495 | D:11     | Reached skill level 10 in Armour
  9568 | D:11     | Found a runed translucent door.
  9568 | D:11     | Found a runed translucent door.
  9568 | D:11     | Noticed an unseen horror
  9568 | D:11     | Noticed an unseen horror
  9571 | D:11     | Found a runed translucent door.
  9571 | D:11     | Noticed a centaur warrior
  9583 | D:11     | Noticed a five-headed hydra
  9593 | D:11     | Killed a six-headed hydra
  9718 | D:11     | Reached skill level 14 in Long Blades
  9887 | D:11     | Received a gift from Trog
  9935 | D:11     | Noticed an unseen horror
  9940 | D:11     | Killed an unseen horror
  9977 | D:11     | Reached XP level 12. HP: 103/110 MP: 11/11
  9989 | D:11     | Noticed a centaur warrior
  9993 | D:11     | Killed a centaur warrior
  9994 | D:11     | Got a wavering wooden ring
 10000 | D:11     | Identified the ring "Fucecsoi" {-Tele rF+ rC+ MR+} (You
                  | found it on level 11 of the Dungeon)
 10003 | D:11     | Identified the ring "Wouraih" {rC- rN+ Slay+4}
 10005 | D:11     | Reached skill level 10 in Dodging
 10005 | D:11     | Noticed a death knight
 10014 | D:11     | Killed a death knight
 10015 | D:11     | Noticed a two-headed ogre
 10016 | D:11     | Killed a two-headed ogre
 10055 | D:11     | Got a glittering tin ring
 10066 | D:11     | Identified the amulet "Guahye" {rN+ Regen+ Int-3 Dex+8}
 10071 | D:11     | Reached skill level 15 in Long Blades
 10077 | D:11     | Identified the ring of Voerouw {Fire Str+4} (You found it
                  | on level 11 of the Dungeon)
 10464 | D:12     | Noticed a two-headed ogre
 10468 | D:12     | Killed a two-headed ogre
 10477 | D:12     | Noticed Kirke
 10493 | D:12     | Killed Kirke
 11243 | D:13     | Noticed a two-headed ogre
 11250 | D:13     | Killed a two-headed ogre
 11260 | D:13     | Found a gate to the Vaults.
 11396 | D:13     | Got a fine tin ring
 11398 | D:13     | Identified the ring "Erriajudwa" {rPois MP+9 Stlth+} (You
                  | found it on level 13 of the Dungeon)
 11661 | D:14     | Reached skill level 16 in Long Blades
 11689 | D:14     | Noticed a two-headed ogre
 11694 | D:14     | Killed a two-headed ogre
 11781 | D:14     | Received a gift from Trog
 11782 | D:14     | Got a shimmering great sword {god gift}
 11783 | D:14     | Identified the +8 great sword of the Heavens {flame, Int+2}
                  | (Trog gifted it to you on level 14 of the Dungeon)
 11911 | D:14     | Reached XP level 13. HP: 103/118 MP: 12/12
 12274 | D:15     | Entered Level 15 of the Dungeon
 12277 | D:15     | Found Ahiegeic's Weapon Shop.
 12305 | D:15     | Noticed a fire giant
 12319 | D:15     | Killed a fire giant
 12323 | D:15     | Reached skill level 17 in Long Blades
 12504 | D:15     | Found Ivocres's Antique Weapon Shop.
 12605 | D:15     | Found Zymerac's Assorted Antiques.
 12615 | D:15     | Bought a scroll of identify for 80 gold pieces
 12697 | D:15     | Found a staircase to the Depths.
 13284 | Lair:1   | Entered Level 1 of the Lair of Beasts
 13451 | Lair:1   | Noticed Harold
 13467 | Lair:1   | Killed Harold
 13650 | Lair:1   | Received a gift from Trog
 13650 | Lair:1   | Reached XP level 14. HP: 128/129 MP: 13/13
 14520 | Lair:2   | Found a staircase to the Swamp.
 15970 | Lair:4   | Found a staircase to the Snake Pit.
 16173 | Lair:4   | Reached skill level 18 in Long Blades
 16234 | Lair:4   | Received a gift from Trog
 16859 | Lair:5   | Noticed Urug
 16868 | Lair:5   | Killed Urug
 16962 | Lair:5   | Found a viscous altar of Jiyva.
 16964 | Lair:5   | Found a staircase to the Slime Pits.
 17489 | Lair:6   | Entered Level 6 of the Lair of Beasts
 17798 | Lair:6   | Received a gift from Trog
 18098 | Lair:6   | Reached XP level 15. HP: 83/139 MP: 14/14
 18272 | Lair:6   | Got a shimmering golden amulet
 18282 | Lair:6   | Identified the amulet "Hialilomn" {Faith +Blink rPois rC+++
                  | SInv} (You found it on level 6 of the Lair of Beasts)
 18701 | Lair:1   | Identified a scroll of acquirement
 18708 | Lair:1   | Got an ichor-stained hat
 18714 | Lair:1   | Identified the -3 hat of Anarchy {rPois MR+ Regen+} (You
                  | acquired it on level 1 of the Lair of Beasts)
 18767 | Orc:1    | Entered Level 1 of the Orcish Mines
 18767 | Orc:1    | Noticed Josephine
 18776 | Orc:1    | Killed Josephine
 18785 | Orc:1    | Found a radiant altar of Vehumet.
 18828 | Orc:1    | Found a bloodstained altar of Trog.
 18958 | Orc:2    | Entered Level 2 of the Orcish Mines
 18975 | Orc:2    | Received a gift from Trog
 19012 | Orc:2    | Noticed Saint Roka
 19013 | Orc:2    | Reached skill level 15 in Fighting
 19073 | Orc:2    | Received a gift from Trog
 19104 | Orc:2    | HP: 6/141 [Saint Roka/divine providence (13)]
 19107 | Orc:2    | Killed from afar by Saint Roka

Skill      XL: |  1  2  3  4  5  6  7  8  9 10 11 12 13 14 15 |
---------------+----------------------------------------------+-----
Long Blades    | 4 5 6 8 9 11 13 14 16 17 18 | 18.8
Fighting       | 4 5 6 7 8 9 11 12 13 14 15 | 15.0
Armour         | 3 4 5 6 8 9 10 11 13 14 | 14.7
Dodging        | 3 4 6 7 8 9 11 12 13 | 13.6

Action                   |  1- 3 |  4- 6 |  7- 9 | 10-12 | 13-15 || total
-------------------------+-------+-------+-------+-------+-------++-------
Melee: Falchion          |    43 |   186 |   341 |       |       ||   570
       Headbutt          |    13 |    27 |   101 |    98 |   172 ||   411
       Demon blade       |       |       |    69 |   344 |       ||   413
       Great sword       |       |       |    17 |     4 |   448 ||   469
Throw: Throwing net      |       |       |     1 |       |     1 ||     2
Invok: Berserk           |       |       |     1 |       |     1 ||     2
       Trog's Hand       |       |       |       |       |     4 ||     4
Evoke: Wand              |       |       |       |     1 |     4 ||     5
  Use: Scroll            |       |     6 |    14 |     2 |    10 ||    32
       Potion            |       |     1 |     4 |     4 |     8 ||    17
 Stab: Sleeping          |       |     2 |       |     1 |     5 ||     8
       Distracted        |       |       |       |       |     1 ||     1
       Held in net/web   |       |       |       |       |     1 ||     1
       Invisible         |       |       |       |       |     1 ||     1
  Eat: Chunk             |       |    15 |    23 |    11 |    22 ||    71
       Ration            |       |       |       |       |     1 ||     1
Armor: Animal skin       |     7 |    33 |       |       |       ||    40
       Chain mail        |       |    11 |   185 |       |       ||   196
       Skin              |       |       |    15 |    14 |       ||    29
       Ring mail         |       |       |     1 |    87 |   110 ||   198
Dodge: Dodged            |    32 |   144 |   215 |   240 |   600 ||  1231
       Rpst.: Falchion   |     8 |    34 |    52 |       |       ||    94
       Demon blade       |       |       |    10 |    66 |       ||    76
       Great sword       |       |       |     1 |     1 |   127 ||   129
